Match 35445710
Unlisted

Match 35445710
End
Kradschützen Motorcycle Team
250 Light Carrier
Selects Armored Support Battlegroup
Panzergrenadier Squad
Panzergrenadier Squad
Construct Light Support Kompanie
Selects Superior Fire Drills
Fire Support Elements
Flakvierling Half-track
2.5-tonne Medical Truck
Pak 38 Mechanized Group
Construct Mechanized Kompanie
Selects Salvage Kits
Veteran Squad Leaders
Marder III Tank Destroyer
Panzergrenadier Squad
Panzergrenadier Squad
Marder III Tank Destroyer
Selects Panzer Storm
Selects Stuka Dive Bomb
Construct Panzerarmee Kommand
Panzergrenadier Squad
Tungsten Core Ammunition
Construct Panzerarmee Kommand
Selects Flammpanzer III Medium Tank
deadsadbadmad
Lieutenant Guy
Jarekk
Krzemyk
0
0

Comments sign in to comment!

No comments posted yet!